 Dungeon Crawl Stone Soup version 0.18.1-48-g4cf74bf (webtiles) character file.

2899 donacdum the Skirmisher (level 9, 0/70 (72) HPs)
             Began as a Demonspawn Berserker on July 31, 2016.
             Was a Priest of Trog.
             Killed from afar by an electric eel (1 damage)
             ... with a bolt of electricity
             ... on level 9 of the Dungeon.
             The game lasted 00:35:21 (9685 turns).

donacdum the Skirmisher (Demonspawn Berserker)      Turns: 9685, Time: 00:35:22

HP:   0/70 (72)     AC: 18    Str: 20    XL:     9   Next: 49%
MP:   9/9           EV:  6    Int:  9    God:    Trog [***...]
Gold: 359           SH:  7    Dex: 13    Spells: 0 memorised, 8 levels left

rFire  + . .     SeeInvis .     c - +1 long sword (curse)
rCold  . . .     Gourm    .     q - +0 chain mail {rPois}
rNeg   + . .     Faith    .     G - +0 shield
rPois  +         Spirit   .     k - +0 helmet
rElec  .         Dismiss  .     (no cloak)
rCorr  .         Reflect  .     i - +0 pair of gloves (curse)
SustAt .         Harm     .     d - +0 pair of boots
MR     +....                    (no amulet)
Stlth  ..........               V - ring of protection from magic
                                r - ring of positive energy

@: somewhat resistant to hostile enchantments, extremely unstealthy
A: claws 2, molten scales 3, spiny 1
a: Berserk, Trog's Hand, Burn Spellbooks, Renounce Religion


You were on level 9 of the Dungeon.
You worshipped Trog.
Trog was most pleased with you.
You were not hungry.

You visited 2 branches of the dungeon, and saw 9 of its levels.

You collected 359 gold pieces.

Inventory:

Hand Weapons
 a - a +0 hand axe
 c - a cursed +1 long sword (weapon)
 e - a +0 battleaxe
 n - a +2 quarterstaff of chaos
 p - a +0 greatsling
 L - a +0 shortbow
Missiles
 w - 38 sling bullets
 M - 86 arrows
 N - 61 bolts
Armour
 b - a +0 animal skin
 d - a +0 pair of boots (worn)
 g - a +0 scale mail
 i - a cursed +0 pair of gloves (worn)
 k - a +0 helmet (worn)
 l - a +2 leather armour of fire resistance
 q - a +0 chain mail of poison resistance (worn)
 G - a +0 shield (worn)
Jewellery
 r - a ring of positive energy (left hand)
 s - an uncursed ring of fire
 V - a ring of protection from magic (right hand)
 Z - an uncursed ring of see invisible
Wands
 u - a wand of polymorph (5/24)
 S - a wand of iceblast (3/15)
Scrolls
 f - 2 scrolls of amnesia {unknown}
 j - 3 scrolls of remove curse
 t - 2 scrolls of fear {unknown}
 x - 2 scrolls of immolation {unknown}
 y - 2 scrolls of noise {unknown}
 C - 2 scrolls of magic mapping {unknown}
 I - a scroll of fog {unknown}
 J - 2 scrolls of recharging {unknown}
 P - a scroll of blinking {unknown}
 T - a scroll of enchant weapon {unknown}
Potions
 h - 2 potions of cancellation {unknown}
 m - a potion of berserk rage {unknown}
 o - 3 potions of curing
 v - 4 potions of magic {unknown}
 K - 2 potions of heal wounds {unknown}
 W - a potion of mutation {unknown}
 Y - a potion of resistance
Comestibles
 z - 2 bread rations
 R - 8 slices of pizza
 X - a meat ration


   Skills:
 * Level 7.1 Fighting
 + Level 6.0 Axes
 + Level 0.1 Throwing
 + Level 6.8 Armour
 + Level 6.0 Dodging
 - Level 1.5 Stealth


You had 8 spell levels left.
You didn't know any spells.

Dungeon Overview and Level Annotations

Branches:
Dungeon (9/15)             Temple (1/1) D:7
   Lair: D:8-11         Orc: D:9-12

Altars:
Ashenzari
Cheibriados
Dithmenos
Elyvilon
Fedhas
Gozag
Kikubaaqudgha
Makhleb
Nemelex Xobeh
Okawaru
Pakellas
Qazlal
Ru
Trog
Vehumet
Xom
Yredelemnul
The Shining One


Innate Abilities, Weirdness & Mutations

You have very sharp fingernails.
You are completely covered in molten scales (AC +4, EV -1, rF+).
You are partially covered in sharp spines.


Message History

Things that are here:
a glaive; a plate armour The electric eel shoots out a bolt of lightning at you!
The bolt of electricity misses you.
The electric eel shoots out a bolt of lightning at you!
The bolt of electricity hits you!
* * * LOW HITPOINT WARNING * * *
There is an open door, spattered with blood here.
You see here a hand axe.
The electric eel shoots out a bolt of lightning at you!
The bolt of electricity hits you!
* * * LOW HITPOINT WARNING * * *
The electric eel shoots out a bolt of lightning at you!
The bolt of electricity misses you.
The electric eel shoots out a bolt of lightning at you!
The bolt of electricity hits you!
* * * LOW HITPOINT WARNING * * *
The electric eel shoots out a bolt of lightning at you!
The bolt of electricity hits you!
You die...

#++# #.)# ###)#####
###.....≈≈##
##≈≈......≈.###
##≈;.......≈≈..#
#(≈.#......#≈≈P.
#.#(###@...###≈≈. .
.≈≈≈#......#≈≈≈≈P#
##.≈≈........≈≈≈≈≈.
##.≈≈≈#......#≈≈≈≈P.
.P≈≈.###^...###.≈≈..
..≈≈≈≈#......#≈≈≈P..
..≈≈≈≈........≈≈≈..P
.≈≈≈≈#).....#≈≈≈≈.#
.≈≈.###....###.≈≈.P


You could see an electric eel.

Vanquished Creatures
  Sigmund (D:3)
  A human (D:8)
  A hungry ghost (D:8)
  2 sky beasts
  An orc warrior (D:9)
  A black bear (D:7)
  2 necrophages
  An ogre (D:4)
  2 centaurs
  A wyvern zombie (D:8)
  Blork the orc (D:4)
  4 giant frogs
  2 scorpions (D:4)
  8 wights (D:9)
  7 howler monkeys (D:7)
  A giant frog zombie (D:7)
  A crimson imp (D:7)
  An orc priest (D:9)
  2 giant frog skeletons
  Crazy Yiuf (D:3)
  Jessica (D:3)
  4 iguanas
  2 orc wizards (D:8)
  4 worker ants
  A hound skeleton (D:7)
  A worker ant zombie (D:7)
  7 adders
  2 oozes
  3 adder skeletons
  A worm (D:4)
  2 dart slugs
  9 giant geckos
  12 orcs
  3 giant cockroaches
  10 goblins
  8 hobgoblins
  8 jackals
  2 quokkas
  A ball python (D:2)
  8 bats
  3 giant newts
  4 kobolds
  4 rats
141 creatures vanquished.

Vanquished Creatures (others)
  A plant (D:9)
1 creature vanquished.

Grand Total: 142 creatures vanquished

Notes
Turn   | Place    | Note
--------------------------------------------------------------
     0 | D:1      | donacdum the Demonspawn Berserker began the quest for the Orb.
     0 | D:1      | Reached XP level 1. HP: 18/18 MP: 1/1
   114 | D:1      | Gained mutation: You are partially covered in molten scales (AC +1). [demonic ancestry]
   114 | D:1      | Reached XP level 2. HP: 9/24 MP: 2/2
  1196 | D:2      | Gained mutation: You are mostly covered in molten scales (AC +3, EV -1). [demonic ancestry]
  1196 | D:2      | Reached XP level 3. HP: 29/29 MP: 3/3
  2388 | D:2      | Gained mutation: You are partially covered in sharp spines. [demonic ancestry]
  2388 | D:2      | Reached XP level 4. HP: 27/35 MP: 4/4
  2927 | D:2      | Reached ** piety under Trog
  3289 | D:3      | Found a glowing golden altar of the Shining One.
  3555 | D:3      | Noticed Sigmund
  3566 | D:3      | Killed Sigmund
  3566 | D:3      | Reached XP level 5. HP: 34/42 MP: 5/5
  3566 | D:3      | Reached XP level 6. HP: 39/48 MP: 6/6
  3726 | D:3      | Noticed Crazy Yiuf
  3730 | D:3      | Killed Crazy Yiuf
  3951 | D:3      | Noticed Jessica
  3959 | D:3      | Killed Jessica
  3959 | D:3      | Reached skill level 4 in Fighting
  4275 | D:4      | Reached skill level 1 in Stealth
  4529 | D:4      | Noticed Blork the orc
  4545 | D:4      | Killed Blork the orc
  4548 | D:4      | Gained mutation: You are completely covered in molten scales (AC +4, EV -1, rF+). [demonic ancestry]
  4548 | D:4      | Reached XP level 7. HP: 29/54 MP: 7/7
  5131 | D:5      | Entered Level 5 of the Dungeon
  5133 | D:5      | You fall through a shaft for 2 floors!
  5148 | D:7      | Reached *** piety under Trog
  5435 | D:7      | Reached skill level 5 in Fighting
  5460 | D:7      | Gained mutation: You have sharp fingernails. [demonic ancestry]
  5460 | D:7      | Reached XP level 8. HP: 59/62 MP: 8/8
  5685 | D:7      | Reached skill level 5 in Armour
  5692 | D:7      | Reached skill level 5 in Axes
  5875 | D:7      | Reached skill level 5 in Dodging
  6183 | D:7      | Found a burning altar of Makhleb.
  6333 | D:7      | Found a staircase to the Ecumenical Temple.
  6342 | Temple   | Entered the Ecumenical Temple
  7014 | D:8      | Reached skill level 6 in Fighting
  7685 | D:8      | Gained mutation: You have very sharp fingernails. [demonic ancestry]
  7685 | D:8      | Reached XP level 9. HP: 68/69 MP: 9/9
  8832 | D:9      | Reached skill level 7 in Fighting
  9684 | D:9      | HP: 1/70 [electric eel/bolt of electricity (5)]
  9685 | D:9      | Killed from afar by an electric eel

Skill      XL: |  1  2  3  4  5  6  7  8  9 |
---------------+----------------------------+-----
Dodging        | 2 3 4 5 6 |  6.0
Axes           | 3 4 5 6 |  6.0
Armour         | 2 3 4 6 |  6.8
Fighting       | 4 5 6 7 |  7.1
Stealth        | 1 |  1.5
Throwing       | |  0.1

Action                   |  1- 3 |  4- 6 |  7- 9 || total
-------------------------+-------+-------+-------++-------
Melee: Hand axe          |    96 |    91 |   283 ||   470
       Long sword        |       |       |    25 ||    25
Throw: Tomahawk          |       |       |     3 ||     3
Invok: Berserk           |     1 |     5 |     2 ||     8
       Burn Spellbooks   |       |       |     1 ||     1
  Use: Potion            |     2 |       |     1 ||     3
       Scroll            |       |     4 |     3 ||     7
  Eat: Bread ration      |     1 |       |     5 ||     6
       Chunk             |     1 |     1 |     3 ||     5
       Meat ration       |       |     2 |       ||     2
Armor: Animal skin       |    55 |       |       ||    55
       Leather armour    |    16 |       |       ||    16
       Scale mail        |     6 |     9 |       ||    15
       Chain mail        |       |    42 |   170 ||   212
Dodge: Dodged            |   114 |    30 |    62 ||   206
Block: Shield            |       |       |    88 ||    88
